 Dungeon Crawl Stone Soup version 0.29.1-15-g9cfb28693d (webtiles) character file.

Game seed: 12258383015164719415

42150 nightchill the Earth Mage (level 14, -5/88 HPs)
             Began as a Gargoyle Earth Elementalist on Feb 27, 2023.
             Was an Elder of Vehumet.
             Slain by a freezing wraith (22 damage)
             ... on level 13 of the Dungeon on Feb 28, 2023.
             The game lasted 01:18:45 (24995 turns).

nightchill the Earth Mage (GrEE)                   Turns: 24995, Time: 01:18:46

Health: -5/88      AC: 18    Str: 12    XL:     14   Next: 18%
Magic:  10/28      EV: 20    Int: 21    God:    Vehumet [****..]
Gold:   1788       SH:  4    Dex: 10    Spells: 10/33 levels left

rFire   . . .      SeeInvis +   a - staff of conjuration
rCold   . . .      Faith    .   B - +0 buckler
rNeg    + . .      Spirit   .   F - +2 leather armour {Will+}
rPois   ∞          Reflect  .   z - +0 hat {SInv}
rElec   +          Harm     .   l - +0 cloak
rCorr   .          Rampage  .   Z - +1 pair of gloves
Will    ++...                   (no boots)
Stlth   ++........              u - amulet of magic regeneration
HPRegen 0.24/turn               c - +4 ring of evasion
MPRegen 0.61/turn               V - +4 ring of evasion

@: flying, slowed, very slow
A: sickness immunity, AC +10, big wings, negative energy resistance 1,
electricity resistance, torment resistance 1, petrification resistance
a: Renounce Religion


You were on level 13 of the Dungeon.
You worshipped Vehumet.
Vehumet was greatly pleased with you.
You visited 4 branches of the dungeon, and saw 20 of its levels.

You collected 1839 gold pieces.
You spent 51 gold pieces at shops.

Inventory:

Hand Weapons
 w - a +2 dagger of venom
 O - a +0 rapier
 S - a +1 dagger of holy wrath
Missiles
 h - 5 datura-tipped darts
 s - 32 poisoned darts (quivered)
 N - 5 boomerangs of dispersal
Armour
 l - a +0 cloak (worn)
 z - a +0 hat of see invisible (worn)
 B - a +0 buckler (worn)
 F - a +2 leather armour of willpower (worn)
 G - a +0 robe of resistance
 Z - a +1 pair of gloves (worn)
Magical Staves
 a - a staff of conjuration (weapon)
 x - a staff of poison
Jewellery
 c - a +4 ring of evasion (left hand)
 u - an amulet of magic regeneration (around neck)
 E - a ring of resist corrosion
 Q - an amulet of the acrobat
 V - a +4 ring of evasion (right hand)
 X - a ring of ice
Wands
 i - a wand of polymorph (12)
 D - a wand of roots (27)
 J - a wand of paralysis (18)
 K - a wand of flame (17)
 T - a wand of digging (5)
Scrolls
 d - a scroll of summoning {unknown}
 e - 5 scrolls of fog
 f - a scroll of blinking
 g - 3 scrolls of teleportation
 m - 2 scrolls of immolation {unknown}
 q - a scroll of torment {unknown}
 v - 3 scrolls of enchant armour
 C - 7 scrolls of amnesia
 L - 2 scrolls of poison
 M - 2 scrolls of noise
 P - a scroll of fear
 R - a scroll of vulnerability
 Y - a scroll of enchant weapon
Potions
 b - 2 potions of magic
 j - 4 potions of flight
 k - 5 potions of ambrosia
 n - 6 potions of heal wounds
 o - 6 potions of haste
 p - 4 potions of mutation
 r - 6 potions of curing
 t - 3 potions of lignification
 y - 2 potions of degeneration {unknown}
 A - 2 potions of attraction
 H - 3 potions of might
 I - 2 potions of brilliance
 W - 2 potions of cancellation
Miscellaneous
 U - a phial of floods


   Skills:
 + Level 10.6 Fighting
 + Level 4.0 Dodging
 - Level 4.0 Stealth
 - Level 4.0 Shields
 + Level 10.0 Spellcasting
 * Level 11.9 Conjurations
 - Level 5.0 Necromancy
 - Level 0.7 Transmutations
 * Level 16.7 Earth Magic


You had 10 spell levels left.
You knew the following spells:

 Your Spells              Type           Power      Damage    Failure   Level
a - Sandblast             Erth           100%       2d20      0%          1
b - Stone Arrow           Conj/Erth      100%       3d13      1%          3
c - Passwall              Tmut/Erth      39%        N/A       1%          2
d - Petrify               Tmut/Erth      47%        N/A       3%          4
e - Borgnjor's Vile Clut  Necr/Erth      27%        N/A       3%          5
f - Lee's Rapid Deconstr  Erth           34%        3d18*     1%          5
g - Mephitic Cloud        Conj/Pois/Air  40%        N/A       1%          3

Your spell library contained the following spells:

 Spells                   Type           Power      Damage    Failure   Level
 Ozocubu's Refrigeration  Ice            5%         4d8       100%        7
 Magic Dart               Conj           100%       1d8       1%          1
 Necrotise                Necr           100%       1d9       1%          1
 Hailstorm                Conj/Ice       52%        3d12      2%          4
 Freeze                   Ice            40%        1d6       3%          1
 Poisonous Vapours        Pois/Air       20%        N/A       4%          2
 Frozen Ramparts          Ice            20%        1d4       9%          3
 Apportation              Tloc           20%        N/A       11%         1
 Summon Small Mammal      Summ           40%        N/A       11%         1
 Dispel Undead            Necr           31%        3d14      14%         4
 Blink                    Tloc           20%        N/A       16%         2
 Call Imp                 Summ           10%        N/A       16%         2
 Corpse Rot               Necr/Pois/Air  17%        N/A       47%         4
 Death Channel            Necr           15%        N/A       91%         6
 Alistair's Intoxication  Tmut/Pois      8%         N/A       95%         5
 Manifold Assault         Tloc           10%        N/A       96%         5
 Eringya's Noxious Bog    Tmut/Pois      6%         N/A       96%         6
 Storm Form               Tmut/Air       6%         N/A       100%        7


Dungeon Overview and Level Annotations

Branches:
Dungeon (13/15)            Temple (1/1) D:4            Lair (4/5) D:8
  Swamp (0/4) Lair:2       Spider (0/4) Lair:3          Orc (2/2) D:12
    Elf (0/3) Orc:2
  Slime: Lair:4-5    Vaults: D:13-14

Altars:
Ashenzari
Cheibriados
Dithmenos
Elyvilon
Fedhas
Gozag
Hepliaklqana
Kikubaaqudgha
Makhleb
Nemelex Xobeh
Okawaru
Qazlal
Ru
Sif Muna
Trog
Uskayaw
Vehumet
Wu Jian
Xom
Yredelemnul
Zin
The Shining One

Shops:
D:3 [   D:9 [   Orc:2 =*[[

Annotations:
D:7 exclusions: door and 1 more exclusion, Joseph
D:8 exclusion: downstairs
D:10 Urug
D:11 exclusion: downstairs
Lair:1 exclusion: downstairs
Lair:2 3 runed translucent doors, exclusions: downstairs and 1 more exclusion, yegreS's ghost, journeyman MeEE
Lair:3 exclusions: jumping spider and 1 more exclusion
Orc:1 exclusion: downstairs
Orc:2 3 runed translucent doors, Discosetron's ghost, journeyman FoHu; p0werm0de's ghost, journeyman PaCK; ponobo's ghost, journeyman MiBe; yarrgle's ghost, journeyman MiBe


Innate Abilities, Weirdness & Mutations

You are immune to sickness and miasma.
Your stone body is resilient. (AC +10)
You are immune to poison.
Your large and strong wings let you fly.
You resist negative energy. (rN+)
You are resistant to electric shocks. (rElec)
You are resistant to unholy torment.
You are immune to petrification.


Message History

Aim: a deep troll (severely wounded, 78% to hit)
You feel a surge of power!
The stone arrow hits the deep troll!!
You kill the deep troll!
Vehumet accepts your kill.
You block the freezing wraith's attack. x2
Casting: Stone Arrow (safe; 1% risk of failure)
Confirm with . or Enter, or press ? or * to list all spells.
Aiming: Stone Arrow (safe; 1% risk of failure)
Press: ? - help, Shift-Dir - straight line, f - freezing wraith
Aim: a freezing wraith (moderately damaged, 78% to hit)
You feel a surge of power!
The stone arrow hits the freezing wraith.
The freezing wraith is moderately damaged.
You block the freezing wraith's attack. The freezing wraith hits you!
* * * LOW HITPOINT WARNING * * *
The freezing wraith hits you but does no damage.
The freezing wraith closely misses you.
Casting: Stone Arrow (safe; 1% risk of failure)
Confirm with . or Enter, or press ? or * to list all spells.
Aiming: Stone Arrow (safe; 1% risk of failure)
Press: ? - help, Shift-Dir - straight line, f/p - freezing wraith
Aim: a freezing wraith (moderately damaged, 78% to hit)
You feel a surge of power!
The stone arrow hits the freezing wraith!!
The freezing wraith is severely damaged.
The freezing wraith completely misses you.
The freezing wraith misses you.
Casting: Stone Arrow (safe; 1% risk of failure)
Confirm with . or Enter, or press ? or * to list all spells.
Aiming: Stone Arrow (safe; 1% risk of failure)
Press: ? - help, Shift-Dir - straight line, f/p - freezing wraith
Aim: a freezing wraith (severely damaged, 78% to hit)
You feel a surge of power!
The stone arrow hits the freezing wraith.
The freezing wraith is almost destroyed.
The freezing wraith hits you but does no damage.
The freezing wraith barely misses you. The freezing wraith hits you!
* * * LOW HITPOINT WARNING * * *
The freezing wraith freezes you!!
You die...

#.# #.# #.##########
# #.#......... #
#....#.# ####
#....#.# ...#####
#.)....#
##.....######....W.#
#####..........@..#
########....#.#
#....#.####.#
#...^#.W....#
####.#......#
#.######## #.. #.##


You could see a freezing wraith.

Vanquished Creatures
  Gastronok (Orc:1)
  Josephine (Orc:1)
  Harold (Lair:2)
  A boulder beetle (D:11)
  Erolcha (D:9)
  2 hydras
  Erica (Lair:1)
  4 two-headed ogres
  9 orc high priests (Orc:2)
  Sonja (Orc:1)
  A deep troll (D:13)
  4 orc knights
  An orc sorcerer (Orc:1)
  A manticore (D:11)
  6 elephants
  A black mamba (Lair:4)
  Maurice (D:8)
  8 cane toads
  A gargoyle (D:13)
  A rime drake (D:8)
  Psyche (D:8)
  5 komodo dragons
  3 kobold demonologists
  A troll (Orc:1)
  A queen bee (Lair:2)
  A polar bear (Lair:1)
  A hornet (D:8)
  4 slime creatures (D:12)
  2 jumping spiders (Lair:3)
  2 shadows
  2 culicivoras (Lair:3)
  A wyvern (Lair:2)
  3 wraiths (Orc:1)
  26 yaks
  A human (D:12)
  2 steam dragons
  2 redbacks (Lair:3)
  A basilisk (Lair:4)
  5 wargs
  Menkaure (D:7)
  8 water moccasins
  20 orc warriors
  A black bear (D:4)
  An ice beast (D:7)
  3 wolves (Lair:1)
  9 ogres
  4 centaurs
  2 phantoms
  2 kobold brigands
  13 bullfrogs
  2 scorpions
  4 wights
  39 killer bees
  3 electric eels (Lair:4)
  6 howler monkeys
  2 hounds
  4 jellies
  37 orc priests
  A gnoll bouda (D:5)
  An iguana (D:6)
  15 orc wizards
  5 hell rats (Lair:4)
  11 gnolls
  7 adders
  2 shadow imps
  A white imp (D:6)
  2 worms
  A dart slug (D:1)
  79 orcs
  4 bats
  2 endoplasms
  A giant cockroach (D:2)
  11 goblins
  9 hobgoblins
  4 jackals
  2 quokkas
  11 ball pythons
  4 frilled lizards
  9 kobolds
  6 rats
460 creatures vanquished.

Vanquished Creatures (others)
  A kobold (D:8)
  35 fungi
  55 plants
91 creatures vanquished.

Grand Total: 551 creatures vanquished

Notes
Turn   | Place    | Note
-------+----------+-------------------------------------------
     0 | D:1      | nightchill the Gargoyle Earth Elementalist began the quest
                  | for the Orb.
     0 | D:1      | Reached XP level 1. HP: 10/10 MP: 3/3
    83 | D:1      | Found a faded altar of an unknown god.
    96 | D:1      | Reached XP level 2. HP: 15/15 MP: 3/5
   175 | D:1      | Reached skill level 4 in Earth Magic
   539 | D:1      | Reached XP level 3. HP: 19/19 MP: 1/6
  1118 | D:2      | Found a burning altar of Makhleb.
  1124 | D:2      | Learned a level 3 spell: Stone Arrow
  1694 | D:2      | Reached XP level 4. HP: 24/24 MP: 3/7
  2120 | D:3      | Found Fuliet's Armour Shoppe.
  2261 | D:3      | Reached skill level 5 in Earth Magic
  2991 | D:4      | Learned a level 2 spell: Passwall
  3042 | D:4      | Noticed a black bear
  3083 | D:4      | Noticed a scorpion
  3100 | D:4      | Killed a scorpion
  3101 | D:4      | Reached XP level 5. HP: 18/28 MP: 6/9
  3319 | D:4      | Killed a black bear
  3320 | D:4      | Reached skill level 6 in Earth Magic
  3320 | D:4      | Reached XP level 6. HP: 31/32 MP: 8/11
  3472 | D:4      | Noticed a water elemental
  3504 | D:4      | Found a stormy altar of Qazlal.
  3504 | D:4      | Noticed a fire elemental
  3507 | D:4      | Noticed an air elemental
  3653 | D:4      | Found a staircase to the Ecumenical Temple.
  3659 | Temple   | Entered the Ecumenical Temple
  3659 | Temple   | Found a transporter.
  3659 | Temple   | Found a transporter.
  3661 | Temple   | Found a transporter.
  3661 | Temple   | Found a transporter.
  3887 | D:5      | Entered Level 5 of the Dungeon
  4040 | D:5      | Reached skill level 7 in Earth Magic
  4117 | D:5      | Reached XP level 7. HP: 21/36 MP: 9/12
  4528 | D:5      | Reached skill level 8 in Earth Magic
  5038 | D:6      | Reached skill level 1 in Fighting
  5379 | D:6      | Reached XP level 8. HP: 44/44 MP: 12/15
  5439 | D:6      | Reached skill level 9 in Earth Magic
  5499 | D:6      | Found a hide-covered altar of Uskayaw.
  5745 | D:6      | Reached skill level 5 in Spellcasting
  6030 | D:7      | Noticed Menkaure
  6036 | D:7      | Killed Menkaure
  6075 | D:7      | Noticed Joseph
  6126 | D:7      | Reached skill level 10 in Earth Magic
  6157 | D:7      | Found a radiant altar of Vehumet.
  6172 | D:7      | Became a worshipper of Vehumet
  6404 | D:7      | Found an iron altar of Okawaru.
  6534 | D:7      | Reached XP level 9. HP: 52/52 MP: 15/17
  7205 | D:8      | Reached skill level 11 in Earth Magic
  7210 | D:8      | Learned a level 4 spell: Petrify
  7290 | D:8      | Reached skill level 5 in Fighting
  7569 | D:8      | Reached skill level 12 in Earth Magic
  7688 | D:8      | Reached skill level 1 in Shields
  7695 | D:8      | Reached XP level 10. HP: 42/60 MP: 15/20
  7820 | D:8      | Reached * piety under Vehumet
  7820 | D:8      | Offered knowledge of Shock by Vehumet.
  8103 | D:8      | Found a staircase to the Lair.
  8158 | D:8      | Found a blossoming altar of Fedhas.
  8416 | D:9      | Noticed Psyche
  8444 | D:8      | Killed Psyche
  8445 | D:8      | Reached skill level 1 in Conjurations
  8645 | D:9      | Noticed Erolcha
  8646 | D:9      | Found Epuahaurph's Armour Shop.
  9207 | D:9      | Killed Erolcha
  9208 | D:9      | Reached skill level 13 in Earth Magic
  9470 | D:9      | Noticed a two-headed ogre
  9487 | D:9      | Killed a two-headed ogre
  9532 | D:9      | Noticed Maurice
  9887 | D:9      | Found a shimmering blue altar of Sif Muna.
 10033 | D:9      | Noticed an angel
 10034 | D:9      | Found a glowing silver altar of Zin.
 10051 | D:10     | Entered Level 10 of the Dungeon
 10067 | D:10     | Noticed Urug
 10116 | Lair:1   | Entered Level 1 of the Lair of Beasts
 10157 | Lair:1   | Reached XP level 11. HP: 67/67 MP: 22/22
 10250 | D:8      | Killed Maurice
 10458 | D:8      | Reached skill level 5 in Conjurations
 10643 | D:8      | Reached ** piety under Vehumet
 10645 | D:8      | Offered knowledge of Static Discharge by Vehumet.
 11229 | Lair:1   | Reached skill level 14 in Earth Magic
 11230 | Lair:1   | Noticed Erica
 11240 | Lair:1   | Killed Erica
 12056 | Lair:2   | Noticed a six-headed hydra
 12069 | Lair:2   | Noticed Harold
 12402 | Lair:2   | Found a staircase to the Swamp.
 12555 | Lair:2   | Found a runed translucent gate.
 12555 | Lair:2   | Found a runed translucent gate.
 12555 | Lair:2   | Found a runed translucent gate.
 12555 | Lair:2   | Noticed yegreS's ghost (journeyman MeEE)
 12555 | Lair:2   | Noticed a spectral death yak
 13350 | Lair:2   | Offered knowledge of Scorch by Vehumet.
 13424 | Lair:2   | Killed a six-headed hydra
 13425 | Lair:2   | Reached XP level 12. HP: 70/75 MP: 19/24
 13463 | Lair:2   | Reached *** piety under Vehumet
 13594 | Lair:2   | Killed Harold
 13595 | Lair:2   | Reached skill level 15 in Earth Magic
 14254 | Lair:2   | HP: 1/75 [cane toad (19)]
 14942 | Lair:3   | Found a hole to the Spider Nest.
 16714 | Lair:4   | Offered knowledge of Flame Wave by Vehumet.
 16995 | Lair:4   | Learned a level 5 spell: Borgnjor's Vile Clutch
 17029 | Lair:4   | Reached skill level 16 in Earth Magic
 17136 | Lair:4   | Found a blossoming altar of Fedhas.
 18004 | D:10     | Noticed a two-headed ogre
 18014 | D:10     | Killed a two-headed ogre
 18015 | D:10     | Reached skill level 1 in Necromancy
 18051 | D:10     | Found a burning altar of Makhleb.
 18059 | D:10     | Found a shadowy altar of Dithmenos.
 18227 | D:10     | Reached **** piety under Vehumet
 18230 | D:10     | Reached skill level 10 in Conjurations
 18232 | D:10     | Reached XP level 13. HP: 78/80 MP: 26/26
 18647 | D:11     | Offered knowledge of Lee's Rapid Deconstruction by Vehumet.
 18659 | D:11     | Learned a level 5 spell: Lee's Rapid Deconstruction
 19189 | D:11     | Learned a level 3 spell: Mephitic Cloud
 19645 | D:12     | Found a staircase to the Orcish Mines.
 20893 | Orc:1    | Entered Level 1 of the Orcish Mines
 20896 | Orc:1    | Reached skill level 10 in Fighting
 20996 | Orc:1    | Noticed Gastronok
 21706 | Orc:1    | Reached ***** piety under Vehumet
 21759 | Orc:1    | Offered knowledge of Freezing Cloud by Vehumet.
 21827 | Orc:1    | Noticed Sonja
 21831 | Orc:1    | Killed Sonja
 21895 | Orc:1    | Noticed Josephine
 21899 | Orc:1    | Killed Josephine
 21997 | Orc:1    | Killed Gastronok
 22880 | Orc:2    | Entered Level 2 of the Orcish Mines
 22909 | Orc:2    | Found a staircase to the Elven Halls.
 22965 | Orc:2    | Found a runed translucent gate.
 22965 | Orc:2    | Found a runed translucent gate.
 22967 | Orc:2    | Found a runed translucent gate.
 22968 | Orc:2    | Noticed ponobo's ghost (journeyman MiBe)
 22968 | Orc:2    | Noticed p0werm0de's ghost (journeyman PaCK)
 22969 | Orc:2    | Noticed Discosetron's ghost (journeyman FoHu)
 22969 | Orc:2    | Noticed yarrgle's ghost (journeyman MiBe)
 23460 | Orc:2    | Gained mutation: Your large and strong wings let you fly.
                  | [Gargoyle growth]
 23460 | Orc:2    | Reached XP level 14. HP: 75/88 MP: 27/27
 23585 | Orc:2    | Found Mefool's General Store.
 23585 | Orc:2    | Found Luag Ilu's Jewellery Emporium.
 23615 | Orc:2    | Bought a scroll of teleportation for 51 gold pieces
 23792 | Orc:2    | Offered knowledge of Ozocubu's Refrigeration by Vehumet.
 24109 | Orc:2    | Found Dysith's Armour Shop.
 24109 | Orc:2    | Found Niotim's Armour Emporium.
 24371 | Orc:2    | Reached skill level 10 in Spellcasting
 24371 | Orc:2    | Reached skill level 5 in Necromancy
 24838 | D:12     | Found a hazy altar of Hepliaklqana.
 24995 | D:13     | Slain by a freezing wraith

Illustrated notes

Levels and vault maps discovered:
D:1:      saegor_arrival_simple_a, layout_basic,
          hellmonk_ecumenical_altar_dog_temple
D:2:      layout_loops_ring, basic_altar
D:3:      layout_loops_ring, serial_shops, nicolae_square_shop
D:4:      layout_cave_pools, nicolae_qazlal_style_of_elements,
          minmay_temple_entry_fiery
D:5:      nicolae_cairo_tiling, layout_rooms, corexii_corridor_pit
D:6:      layout_layer_cave, pf_just_have_faith
D:7:      layout_basic, nicolae_vehumet_altar_sigil, lemuel_tele_altar,
          uniq_menkaure, uniq_joseph
D:8:      layout_basic, fedhas_altar_3, grunt_lair_entry_orc_guard_hut
D:9:      layout_rooms, lemuel_blue_sif_altar, zin_angel, serial_shops, shop,
          uniq_erolcha, uniq_psyche, uniq_maurice
D:10:     layout_basic, amethyst_overflow_temple_binary, uniq_urug
D:11:     layout_rooms
D:12:     layout_small_grid, erik_orc_4, worldfamousw_hep_ancestral_shrine
D:13:     layout_rooms, david_vaults_4, portal_ice_cave_entry_pillars_1,
          minmay_liquid_box, minmay_misc_feat_encased
Temple:   hellmonk_temple_divided_pantheon
Lair:1:   layout_concentric_octagons, lemuel_fruit_tree, grunt_megastairs_1,
          uniq_erica
Lair:2:   layout_misc_corridors, swamp_mist, special_room [special_room_bee],
          gammafunk_ghost_necromancy, minivault_19, serial_bayou_shore_b,
          uniq_harold
Lair:3:   layout_roguey, nicolae_spider_entry_tight_spaces
Lair:4:   layout_layer_cave, basic_altar, serial_bayou_shore_a
Orc:1:    layout_caves, special_room [special_room_orc], uniq_josephine,
          uniq_gastronok, uniq_sonja
Orc:2:    st_orc_town, layout_caves, gammafunk_ghost_cemetery

Skill      XL: |  1  2  3  4  5  6  7  8  9 10 11 12 13 14 |
---------------+-------------------------------------------+-----
Earth Magic    | 4 5 6 7 8 10 12 13 14 16 | 16.7
Stealth        | 3 4 |  4.0
Spellcasting   | 3 4 5 6 7 8 9 10 | 10.0
Fighting       | 2 4 6 7 8 9 10 | 10.6
Shields        | 2 4 |  4.0
Conjurations   | 4 7 10 11 | 11.9
Necromancy     | 1 4 5 |  5.0
Dodging        | 3 4 |  4.0
Transmutations | |  0.7

Action                   |  1- 3 |  4- 6 |  7- 9 | 10-12 | 13-15 || total
-------------------------+-------+-------+-------+-------+-------++-------
Melee: Rapier            |       |     4 |     6 |    14 |       ||    24
       Dagger            |       |       |       |    27 |     7 ||    34
       Staff             |       |       |       |     3 |     1 ||     4
Throw: Dart              |       |     4 |     1 |       |       ||     5
 Cast: Sandblast         |    54 |    81 |   135 |   233 |   158 ||   661
       Stone Arrow       |       |       |     5 |   135 |   156 ||   296
       Petrify           |       |       |     1 |    10 |     8 ||    19
       Passwall          |       |       |     1 |       |     1 ||     2
       Borgnjor's Vile C |       |       |       |     1 |    12 ||    13
       Lee's Rapid Decon |       |       |       |       |    31 ||    31
       Mephitic Cloud    |       |       |       |       |     5 ||     5
Evoke: Wand              |       |       |       |     8 |     1 ||     9
  Use: Scroll            |       |     5 |     2 |    11 |    11 ||    29
       Potion            |       |       |       |     2 |     1 ||     3
 Stab: Petrified         |       |       |     5 |    23 |     6 ||    34
       Petrifying        |       |       |       |     1 |       ||     1
Armor: Robe              |     3 |    11 |    19 |   122 |       ||   155
       Leather armour    |       |       |       |     4 |    56 ||    60
Dodge: Dodged            |    15 |    22 |    50 |   315 |   167 ||   569
Block: Buckler           |       |       |       |    77 |    38 ||   115
